 Dungeon Crawl Stone Soup version 0.30-b1-2-g02819fbbbe (webtiles) character file.

Game seed: 2237808484503969238

688208 LLlMATKO the Minotaur Barricade (level 27, -12/245 HPs)
             Began as a Minotaur Berserker on Oct 9, 2023.
             Was a High Priest of Trog.
             Killed from afar by an orb of fire (25 damage)
             ... with a fireball
             ... on level 5 of the Realm of Zot on Oct 10, 2023.
             The game lasted 02:26:05 (95525 turns).

LLlMATKO the Minotaur Barricade (MiBe)             Turns: 95525, Time: 02:26:06

Health: -12/245    AC: 40    Str: 41    XL:     27
Magic:  19/19      EV: 18    Int: 12    God:    Trog [*****.]
Gold:   6456       SH: 22    Dex: 10    Spells: 26/26 levels left

rFire   + + .        A - +16 consecrated labrys {holy, Valiant Fragile Fly SInv}
rCold   + . .        Y - +0 kite shield {reflect}
rNeg    + . .        y - +15 Maxwell's patent armour {-Cast -Tele rElec Will+ rCorr}
rPois   +            n - -2 hat of the Alchemist {rElec rPois rF+ rC+ rN+ Will+ rMut rCorr}
rElec   +            r - scarf {repulsion}
rCorr   +            G - +0 pair of gloves "Myurowk" {rElec Will+ Str+3 Int+4}
SInv    +            Z - +1 pair of boots of the Jabberwock {rElec Str+2 Int+4 Stlth+}
Will    +++++        l - amulet of reflection Stlth
                     h - ring of Gokhocki {rPois rF+ Slay+3 Stlth+}
HPRegen 0.60/turn    L - ring of willpower
MPRegen 0.16/turn

%: no teleportation, no spellcasting, repel missiles, reflection, resist
mutation
@: on berserk cooldown, flying, slowed, studying Throwing, very slow
A: horns 2, retaliatory headbutt, frail 1, low MP 1, inability to read after
injury 1
}: 4/15 runes: barnacled, silver, obsidian, gossamer
a: Renounce Religion, Berserk, Trog's Hand, Brothers in Arms


You were on level 5 of the Realm of Zot.
You worshipped Trog.
Trog was extremely pleased with you.
You visited 15 branches of the dungeon, and saw 61 of its levels.
You visited 1 bazaar.
You also visited: Trove, Gauntlet, Wizlab and Desolation.

You collected 10858 gold pieces.
You spent 4402 gold pieces at shops.

Inventory:

Hand Weapons
 b - the +2 sling "Vimat" {speed, rElec rC+ Will+ rCorr}
   (You found it on level 5 of the Vaults)

   rC:        It protects you from cold.
   rElec:     It insulates you from electricity.
   rCorr:     It protects you from acid and corrosion.
   Will:      It increases your willpower.
 A - the +16 consecrated labrys (weapon) {holy, Valiant Fragile Fly SInv}
   (You found it on level 4 of the Vaults)

   Valiant:   It becomes more powerful as more dangerous foes come into view.
   SInv:      It lets you see invisible.
   Fly:       It grants you flight.
   Fragile:   It will be destroyed if unequipped.
 N - the +13 sceptre of Asmodeus
   (You took it off Asmodeus on level 7 of Gehenna)

   Fire Summon: It may summon demons of flame and damnation when striking foes.
 V - a +4 heavy broad axe
Missiles
 u - 11 throwing nets
 C - 3 javelins (quivered)
 K - 3 curare-tipped darts
Armour
 n - the -2 hat of the Alchemist (worn) {rElec rPois rF+ rC+ rN+ Will+ rMut rCorr}
   (You acquired it on level 1 of the Vaults)

   rF:        It protects you from fire.
   rC:        It protects you from cold.
   rElec:     It insulates you from electricity.
   rPois:     It protects you from poison.
   rN:        It protects you from negative energy.
   rCorr:     It protects you from acid and corrosion.
   rMut:      It protects you from mutation.
   Will:      It increases your willpower.
 r - a scarf of repulsion (worn)
 y - the +15 Maxwell's patent armour (worn) {-Cast -Tele rElec Will+ rCorr}
   (You bought it in a shop on level 2 of the Elven Halls)

   rElec:     It insulates you from electricity.
   -Cast:     It prevents spellcasting.
   -Tele:     It prevents most forms of teleportation.
   rCorr:     It protects you from acid and corrosion.
   Will:      It increases your willpower.
 G - the +0 pair of gloves "Myurowk" (worn) {rElec Will+ Str+3 Int+4}
   (You found it on level 12 of the Dungeon)

   Str:       It affects your strength (+3).
   Int:       It affects your intelligence (+4).
   rElec:     It insulates you from electricity.
   Will:      It increases your willpower.
 Y - a +0 kite shield of reflection (worn)
 Z - the +1 pair of boots of the Jabberwock (worn) {rElec Str+2 Int+4 Stlth+}
   (You acquired it on level 2 of the Crypt)

   Str:       It affects your strength (+2).
   Int:       It affects your intelligence (+4).
   rElec:     It insulates you from electricity.
   Stlth:     It makes you more stealthy.
Jewellery
 e - the ring of Xom's Whimsicality {+Blink rElec Str+3 Slay+4 Stlth-}
   (You acquired it on level 3 of the Crypt)

   [ring of slaying]

   Str:       It affects your strength (+3).
   Slay:      It affects your accuracy & damage with ranged weapons and melee
   (+4).
   rElec:     It insulates you from electricity.
   +Blink:    It lets you blink.
   Stlth:     It makes you less stealthy.
 h - the ring of Gokhocki (left hand) {rPois rF+ Slay+3 Stlth+}
   (You found it in a Gauntlet)

   [ring of protection from fire]

   Slay:      It affects your accuracy & damage with ranged weapons and melee
   (+3).
   rF:        It protects you from fire.
   rPois:     It protects you from poison.
   Stlth:     It makes you more stealthy.
 l - an amulet of reflection (around neck)
 v - a ring of protection from fire
 w - a ring of flight
 E - a ring of protection from cold
 L - a ring of willpower (right hand)
Wands
 s - a wand of digging (14)
 x - a wand of flame (141)
 B - a wand of mindburst (55)
 M - a wand of paralysis (46)
 Q - a wand of polymorph (30)
 R - a wand of iceblast (64)
 T - a wand of quicksilver (16)
Scrolls
 c - 11 scrolls of fear
 f - 2 scrolls of torment
 i - 53 scrolls of identify
 j - 5 scrolls of magic mapping
 k - 8 scrolls of enchant weapon
 t - 13 scrolls of immolation
 D - 14 scrolls of vulnerability
 F - 6 scrolls of fog
 H - 15 scrolls of noise
 J - 31 scrolls of teleportation
 O - 4 scrolls of poison
 S - 2 scrolls of blinking
 W - 6 scrolls of enchant armour
 X - 5 scrolls of silence
Potions
 a - 10 potions of haste
 d - a potion of cancellation
 g - 3 potions of heal wounds
 m - 29 potions of curing
 o - 5 potions of magic
 p - 8 potions of might
 q - 5 potions of ambrosia
 z - 7 potions of berserk rage
 I - 5 potions of flight
 P - 2 potions of resistance
 U - 5 potions of invisibility


   Skills:
 O Level 27 Fighting
 O Level 27 Axes
 O Level 27 Armour
 O Level 27 Dodging
 O Level 27 Shields
 + Level 13.2 Evocations


You had 26 spell levels left.
You didn't know any spells.
Your spell library was empty.

Dungeon Overview and Level Annotations

Branches:
Dungeon (15/15)            Temple (0/1) D:6            Lair (5/5) D:9
 Shoals (4/4) Lair:3       Spider (4/4) Lair:3        Slime (0/5) Lair:4
    Orc (2/2) D:10            Elf (3/3) Orc:2        Vaults (5/5) D:13
  Crypt (3/3) Vaults:3       Tomb (1/3) Crypt:3      Depths (4/4) D:15
   Hell (visited)             Dis (1/7) Hell            Geh (7/7) Hell
    Coc (0/7) Hell            Tar (1/7) Hell            Zot (5/5) Depths:4
 WizLab (visited)         Desolation (visited)      Gauntlet (visited)

Altars:
Ashenzari
Cheibriados
Dithmenos
Fedhas
Hepliaklqana
Kikubaaqudgha
Makhleb
Nemelex Xobeh
Okawaru
Qazlal
Ru
Sif Muna
Trog
Xom
The Shining One
Jiyva
Lugonu

Shops:
D:1 (   D:11 :   D:12 !?*   Orc:2 *![[   Elf:2 [   Shoals:2 (   Shoals:3 *
Shoals:4 (:   Vaults:4 ?

Portals:
Hell: Depths:1 Depths:2 Depths:3 Depths:4
Abyss: Lair:5 Depths:3
Pandemonium: Depths:1 Depths:2 Depths:3 Depths:4
Ziggurat: Depths:3

Annotations:
Shoals:3 2 transporters, exclusion: orange crystal statue


Innate Abilities, Weirdness & Mutations

You have a pair of horns on your head.
You reflexively headbutt those who attack you in melee.
You are frail. (-10% HP)
Your magical capacity is low. (-10% MP)
You occasionally lose the ability to read scrolls when taking damage.


Message History

The orb of fire glows deep purple.
The bolt of fire hits you! You resist.
* * * LOW HITPOINT WARNING * * *
The ancient lich shouts!
Okay, then.
You closely miss the orb of fire. Your headbutt misses the orb of fire.
The orb of fire is lightly damaged.
You slice the orb of fire!!
The orb of fire glows red.
The bolt of fire hits you! You resist.
* * * LOW HITPOINT WARNING * * *
The orb of fire glows deep purple.
Strange energies course through your body.
You feel odd for a moment.
A Killer Klown comes into view. It is wielding a +12 club of flaming.
Unknown command.
Unknown command.
You slash the orb of fire! Your headbutt misses the orb of fire.
The orb of fire is moderately damaged.
You miss the orb of fire.
The orb of fire glows yellow.
The fireball explodes!
The fireball engulfs you!! You resist.
* * * LOW HITPOINT WARNING * * *
The fireball engulfs the orb of fire.
The orb of fire completely resists.
The fireball engulfs the orb of fire.
The orb of fire completely resists.
The orb of fire emits a lurid red light.
The fireball explodes!
The fireball engulfs you! You resist.
* * * LOW HITPOINT WARNING * * *
The fireball engulfs the orb of fire.
The orb of fire completely resists.
The fireball engulfs the orb of fire.
The orb of fire completely resists.
Unknown command.
You miss the orb of fire. You headbutt the orb of fire!!
The orb of fire is moderately damaged.
You completely miss the orb of fire.
The orb of fire glows deep purple.
The bolt of fire is repelled.
The Killer Klown beckons to you.
The orb of fire glows red.
The fireball explodes!
The fireball engulfs you!! You resist.
You die...

#* ▓########X########▓▓▓▓###### #
#.....<.zX...# #............ #
#............# #............
######............###............
##...############...########.....
#...# #...# #..... #...# #†p.#
#..... ##.<.# ##########*L.#
######..... ....## #........@*..#
#.......... ....# #.......).)..#
#.......... ....# #.......)).[.#
#..........
....####........[[..###^.........
..........####......)....###.....
..........# #...........# #.....
..........# #...........# #.....
..........# #.......##### #.....
#######...# ######### #.....


You could see 2 orbs of fire, a Killer Klown and an ancient lich.

Vanquished Creatures
  Asmodeus (Geh:7)
  3 ancient liches
  6 orbs of fire
  2 Killer Klowns
  Parghit (Depths:4)
  4 royal mummies
  Frederick (Vaults:2)
  Margery (Crypt:2)
  Vv (Zot:3)
  The ghost of WeeknightWizard the Sorcerer, a veteran DEFE of Vehumet (Depths:3)
  A curse toe (Zot:3)
  Bai Suzhen (Vaults:5)
  A caustic shrike (Depths:2)
  Saint Roka (Vaults:1)
  Geryon (Hell)
  Nikola (Shoals:1)
  9 golden dragons
  Jory (Crypt:2)
  An iron giant (Hell)
  An electric golem (Zot:1)
  13 hellephants
  10 Brimstone Fiends
  Zenata (Crypt:3)
  Rupert (Lair:5)
  12 tentacled monstrosities
  A lich (Crypt:2)
  9 Orb Guardians
  2 deep elf master archers (Elf:3)
  3 titans
  3 quicksilver dragons
  14 death cobs
  2 deep elf blademasters
  23 searing wretches
  Gastronok (Lair:2)
  A kraken (Shoals:1)
  11 sphinxes
  Kirke (Spider:1)
  Polyphemus (Shoals:4)
  8 ancient champions
  Agnes (D:14)
  5 tengu reavers
  Roxanne (Elf:3)
  10 shadow dragons
  17 fire giants
  Donald (Shoals:4)
  3 revenants
  17 storm dragons
  6 draconian monks
  7 draconian knights
  11 deep elf sorcerers
  5 frost giants
  6 draconian scorchers
  2 imperial myrmidons (Desolation)
  26 balrugs
  3 spectral caustic shrikes (Depths:2)
  3 emperor scorpions
  An iron dragon (Vaults:5)
  18 vault wardens
  Aizul (Vaults:2)
  10 ghost moths
  6 draconian stormcallers
  3 curse skulls
  2 deep elf elementalists (Elf:3)
  2 spriggan defenders (Depths:3)
  The ghost of NimIero the Severer, a journeyman MiMo of Cheibriados (Orc:2)
  2 ghouls (Crypt:1)
  5 draconian shifters
  A caustic shrike zombie (Crypt:3)
  35 very ugly things
  29 ironbound preservers
  A shard shrike simulacrum (Crypt:3)
  6 ironbound thunderhulks
  4 war gargoyles
  5 draconian annihilators
  8 reapers
  14 stone giants
  10 vampire knights
  4 bennus (Tomb:1)
  12 green draconians
  2 lorocyprocas (Hell)
  9 yellow draconians
  5 deep elf demonologists
  15 white draconians
  8 black draconians
  8 red draconians
  A halazid warlock (Desolation)
  7 purple draconians
  4 deep elf annihilators
  A putrid mouth (Tar:1)
  A minotaur (Gauntlet)
  A spark wasp (Spider:3)
  3 dire elephants (Vaults:1)
  The ghost of Leinaam the Severer, a journeyman MiBe of Trog (D:13)
  Snorg (Lair:4)
  2 blizzard demons (Hell)
  Josephine (Lair:4)
  11 deep elf death magi
  A quicksilver dragon zombie (Crypt:2)
  15 mummy priests
  5 jiangshi
  2 iron golems (Hell)
  4 eidola
  9 ettins
  13 yaktaur captains
  The ghost of Walaum the Spear-Bearer, a journeyman HOWn of Ashenzari (D:12)
  6 deep elf high priests
  A crystal guardian (Desolation)
  5 merfolk impalers
  5 merfolk javelineers (Shoals:4)
  Fannar (D:11)
  8 ragged hierophants (Desolation)
  2 spectral elves (Elf:3)
  2 entropy weavers
  5 ice dragons
  3 spriggan zombies
  13 salamander tyrants
  A fenstrider witch zombie (Tomb:1)
  10 fire dragons
  4 rakshasas
  A hydra (Lair:5)
  7 peacekeepers
  2 alligator snapping turtles
  8 great orbs of eyes
  7 ironbound frosthearts
  8 servants of whispers (Desolation)
  2 ogre magi (Vaults:5)
  An Orb Guardian zombie (Crypt:1)
  34 vault guards
  3 merfolk avatars
  A jorogumo (shapeshifter) (Depths:2)
  30 centaur warriors
  3 hell beasts (Hell)
  4 spriggan air magi
  3 catoblepae
  3 radroaches
  6 stokers
  4 boulder beetles
  3 satyrs
  24 dancing weapons
  3 two-headed ogres
  A death knight (Vaults:3)
  A deep troll shaman (Depths:2)
  25 hell hogs
  2 thrashing horrors (Lair:5)
  A vampire mage (Crypt:1)
  7 deep troll earth magi
  4 death yaks (Shoals:4)
  8 merfolk aquamancers
  6 tengu warriors
  5 orc high priests
  9 spriggan berserkers
  30 hell knights
  Nergalle (Lair:1)
  A shock serpent (shapeshifter) (Vaults:5)
  10 soul eaters
  2 shadow wraiths
  6 sun demons
  A sixfirhy (Gauntlet)
  11 deep elf knights
  13 pharaoh ants
  4 iron trolls
  36 skeletal warriors
  A skyshark (Shoals:1)
  Amaemon (D:11)
  A deep troll (shapeshifter) (Vaults:4)
  2 sun moths
  14 sea snakes
  An iron giant zombie (Crypt:3)
  82 deep trolls
  9 orb spiders
  3 swamp dragons (Lair:3)
  4 flayed ghosts
  A shadow demon (Depths:4)
  9 wizards
  2 glowing orange brains
  20 ironbound convokers
  4 steelbarb worms
  An obsidian statue (Gauntlet)
  16 lindwurms
  A kraken simulacrum (Shoals:4)
  5 elf simulacra
  30 deep elf pyromancers
  8 phantasmal warriors
  5 bog bodies
  9 deep elf archers
  26 deep elf zephyrmancers
  15 wolf spiders
  17 necromancers
  28 harpies
  5 orc knights
  A frost giant zombie (Crypt:1)
  11 manticores
  2 orc sorcerers
  An iron dragon zombie (Crypt:3)
  An oklob plant (Lair:1)
  A sphinx skeleton (Crypt:1)
  2 stone giant zombies
  59 ugly things
  5 cyclopes
  A spectral alligator snapping turtle (Tar:1)
  25 elephants
  A guardian serpent (Desolation)
  16 fauns
  A stone giant skeleton (Vaults:4)
  An ice statue (Hell)
  5 merfolk sirens
  A centaur zombie (D:15)
  28 moths of wrath
  3 black mambas
  A human skeleton (Vaults:5)
  An iron dragon skeleton (Vaults:5)
  A naga mage (D:15)
  15 vault sentinels
  4 rust devils
  12 molten gargoyles
  9 demonic crawlers
  Maurice (D:12)
  8 water nymphs
  7 smoke demons
  A storm dragon simulacrum (Hell)
  5 centaur skeletons
  3 orange demons
  10 hellions
  5 torpor snails
  A kobold demonologist (D:13)
  A naga skeleton (Tomb:1)
  A shock serpent skeleton (Crypt:3)
  10 cane toads
  2 unseen horrors (D:13)
  A sea snake zombie (Hell)
  65 guardian mummies
  38 yaktaurs
  A purple draconian zombie (Crypt:3)
  A white draconian zombie (Crypt:3)
  4 gargoyles
  A rime drake (Lair:5)
  4 freezing wraiths
  8 komodo dragons
  A tormentor (Tar:1)
  10 tengu conjurers
  An anaconda simulacrum (Hell)
  4 trolls
  42 merfolk
  4 red devils
  An ancient zyme (Lair:5)
  2 polar bears
  7 meliai
  A tyrant leech (shapeshifter) (Vaults:5)
  2 harpy zombies (Crypt:2)
  A moth of wrath zombie (Crypt:2)
  4 hydra zombies (Hell)
  A merfolk (shapeshifter) (Vaults:5)
  A purple draconian skeleton (Crypt:1)
  9 wind drakes
  12 hornets
  A hydra skeleton (Crypt:2)
  30 tarantellas
  A harpy skeleton (Crypt:3)
  3 hellwings
  2 dream sheep (Shoals:3)
  53 saltlings (Desolation)
  2 alligator zombies (Crypt:2)
  24 blink frogs
  33 jumping spiders
  28 slime creatures
  8 snapping turtles
  A jumping spider zombie (Crypt:3)
  A jumping spider (shapeshifter) (Vaults:4)
  2 air elementals
  15 culicivoras
  An ice dragon skeleton (Crypt:2)
  A spriggan (shapeshifter) (Depths:3)
  5 spriggans
  3 shadows
  4 wyverns
  A fire dragon skeleton (Tomb:1)
  23 water elementals
  8 wraiths
  4 vampires (WizLab)
  3 ynoxinuls
  5 fire elementals
  7 flying skulls
  7 hogs (Spider:1)
  39 yaks
  An unseen horror simulacrum (D:9)
  16 ushabtiu
  12 vampire mosquitoes
  8 basilisks
  A neqoxec (Depths:1)
  2 steam dragons
  44 redbacks
  10 small abominations (Lair:5)
  4 chaos spawn
  A sea snake simulacrum (Hell)
  2 large abominations (Lair:5)
  Menkaure (D:7)
  A fire bat zombie (Crypt:1)
  A naga zombie (Crypt:1)
  A water nymph zombie (Crypt:2)
  A two-headed ogre zombie (WizLab)
  7 wargs
  A water moccasin (shapeshifter) (Vaults:5)
  An acid dragon (D:12)
  A merfolk skeleton (Crypt:1)
  7 water moccasins
  A hydra simulacrum (Hell)
  20 orc warriors
  A floating eye (Depths:2)
  3 black bears
  A black bear (shapeshifter) (Elf:1)
  4 ice beasts
  8 ogres
  An alligator simulacrum (Hell)
  A hog zombie (Crypt:3)
  12 centaurs
  2 phantoms
  3 kobold brigands
  Blork the orc (D:5)
  12 bullfrogs
  2 gnoll sergeants
  A necrophage (Crypt:1)
  A komodo dragon skeleton (Crypt:1)
  5 earth elementals
  A scorpion (D:6)
  11 wights
  7 troll zombies (WizLab)
  A warg skeleton (Crypt:1)
  11 killer bees
  A spriggan skeleton (Crypt:3)
  3 electric eels
  7 howler monkeys
  A lava snake (D:14)
  A human simulacrum (Vaults:5)
  A black bear zombie (Crypt:3)
  4 hounds
  3 jellies
  2 gnoll boudas
  42 orc priests
  22 orc wizards
  4 hell rats (Hell)
  5 polar bear simulacra (Lair:2)
  A boggart skeleton (Crypt:2)
  3 wolf simulacra (Lair:2)
  3 centaur simulacra (D:9)
  6 ogre zombies (WizLab)
  26 mummies
  Robin (D:4)
  A steam dragon zombie (Crypt:1)
  6 adders
  35 gnolls
  2 shadow imps (D:6)
  2 white imps (D:6)
  A howler monkey simulacrum (D:9)
  7 ufetubi
  An adder zombie (Crypt:2)
  2 dart slugs (D:2)
  86 orcs
  5 bats
  A bat zombie (Crypt:3)
  7 endoplasms
  4 giant cockroaches
  13 goblins
  9 hobgoblins
  11 jackals (D:5)
  18 kobolds
  9 quokkas
  9 ball pythons
  3 frilled lizards
  A kobold skeleton (Crypt:1)
  6 rats
  3 river rat simulacra (Lair:2)
  6 bushes (Lair:5)
  8 creeping infernos
  43 fire vortices
  2 fungi (Depths:3)
  8 pillars of salt
  3 plants (Depths:3)
  2 spectral weapons (Zot:5)
  6 tentacles (Shoals:1)
2811 creatures vanquished.

Vanquished Creatures (collateral kills)
  Mlioglotl (Spider:4)
  A sphinx (Vaults:5)
  A deep elf sorcerer (Elf:3)
  An emperor scorpion (Spider:4)
  A spectral caustic shrike (Depths:2)
  An ironbound thunderhulk (Vaults:1)
  A deep elf demonologist (Elf:3)
  A deep elf annihilator (Elf:3)
  A mummy priest (Tomb:1)
  2 dancing weapons
  2 deep troll earth magi (Depths:2)
  A hell knight (Depths:2)
  An iron troll (Depths:2)
  2 orb spiders (Spider:4)
  A glowing orange brain (Depths:2)
  An orc sorcerer (Vaults:1)
  An ugly thing (Lair:5)
  A cyclops (D:12)
  A slime creature (Vaults:1)
  A gargoyle (D:12)
  A smoke demon (Lair:5)
  A yaktaur (Vaults:1)
  A troll (D:12)
  2 blink frogs (Lair:5)
  A culicivora (Spider:4)
  A flying skull (Crypt:3)
  A wraith (D:12)
  5 yaks (Lair:5)
  4 orc warriors
  A small abomination (Lair:5)
  5 orcs
46 creatures vanquished.

Vanquished Creatures (others)
  An ancient lich (Vaults:5)
  A deep elf sorcerer (Elf:3)
  A spark wasp (Spider:4)
  2 deep elf knights
  A phantasmal warrior (Vaults:5)
  A water elemental (Hell)
  A culicivora (Spider:4)
  An orc warrior (Vaults:5)
  An orc (Vaults:5)
  A bush (Lair:5)
  7 creeping infernos
  6 fire vortices
  50 fungi
  A lost soul (Elf:3)
  72 plants
  3 withered plants
150 creatures vanquished.

Grand Total: 3007 creatures vanquished

Notes
Turn   | Place    | Note
-------+----------+-------------------------------------------
     0 | D:1      | LLlMATKO the Minotaur Berserker began the quest for the
                  | Orb.
     0 | D:1      | Reached XP level 1. HP: 19/19 MP: 0/0
   201 | D:1      | Reached XP level 2. HP: 27/27 MP: 1/1
   975 | D:1      | Found Muavoefi's Antique Weapon Shop.
  1053 | D:2      | Reached XP level 3. HP: 27/33 MP: 2/2
  1065 | D:2      | Reached ** piety under Trog
  1708 | D:3      | Reached XP level 4. HP: 37/40 MP: 3/3
  1870 | D:3      | Found a faded altar of an unknown god.
  2540 | D:4      | Identified the +1 short sword of the Freezing Owl
                  | {antimagic, rF++}
  2575 | D:4      | Reached XP level 5. HP: 33/47 MP: 4/4
  2688 | D:4      | Noticed Robin
  2699 | D:4      | Killed Robin
  2715 | D:4      | Reached *** piety under Trog
  2716 | D:4      | Reached skill level 5 in Fighting
  2716 | D:4      | Reached skill level 5 in Axes
  3019 | D:4      | Reached XP level 6. HP: 56/56 MP: 5/5
  3268 | D:5      | Entered Level 5 of the Dungeon
  3523 | D:5      | Noticed an ice beast
  3538 | D:5      | Killed an ice beast
  3567 | D:5      | Reached skill level 5 in Armour
  3708 | D:5      | Reached XP level 7. HP: 53/62 MP: 6/6
  4072 | D:1      | Bought a runed war axe for 162 gold pieces
  4201 | D:5      | Reached skill level 5 in Dodging
  4342 | D:5      | Reached XP level 8. HP: 52/71 MP: 7/7
  4604 | D:5      | Reached **** piety under Trog
  4775 | D:5      | Noticed Blork the orc
  4792 | D:5      | Killed Blork the orc
  5451 | D:6      | Found a bloodstained altar of Trog.
  5538 | D:6      | Found a shadowy altar of Dithmenos.
  5983 | D:6      | Found a staircase to the Ecumenical Temple.
  6037 | D:6      | Reached XP level 9. HP: 72/81 MP: 8/8
  6682 | D:7      | Found an ancient bone altar of Kikubaaqudgha.
  6690 | D:7      | Found a burning altar of Makhleb.
  6727 | D:7      | Noticed Menkaure
  6730 | D:7      | Killed Menkaure
  7378 | D:8      | Noticed a two-headed ogre
  7385 | D:8      | Killed a two-headed ogre
  7761 | D:8      | Reached XP level 10. HP: 90/91 MP: 9/9
  7766 | D:8      | Reached ***** piety under Trog
  7882 | D:8      | Found a stormy altar of Qazlal.
  8013 | D:8      | Found a shimmering blue altar of Sif Muna.
  8022 | D:8      | Reached skill level 1 in Shields
  8124 | D:9      | Noticed a cyclops
  8128 | D:9      | Killed a cyclops
  8279 | D:9      | Noticed an elephant
  8280 | D:9      | Found a staircase to the Lair.
  8295 | D:9      | Killed an elephant
  8299 | D:9      | Reached skill level 10 in Axes
  8467 | D:9      | Reached skill level 10 in Fighting
  8605 | D:9      | Reached skill level 10 in Armour
  8816 | D:9      | Found a sacrificial altar of Ru.
  8816 | D:9      | Found a broken altar of Ashenzari.
  8816 | D:9      | Found a glowing golden altar of the Shining One.
  8830 | D:9      | Found a snail-covered altar of Cheibriados.
  9096 | D:9      | Found a hazy altar of Hepliaklqana.
  9205 | D:10     | Entered Level 10 of the Dungeon
  9243 | Lair:1   | Entered Level 1 of the Lair of Beasts
  9253 | Lair:1   | Reached XP level 11. HP: 88/101 MP: 10/10
  9267 | Lair:1   | Reached skill level 5 in Shields
  9440 | Lair:1   | Noticed a catoblepas
  9452 | Lair:1   | Killed a catoblepas
  9659 | Lair:1   | Noticed Nergalle
  9666 | Lair:1   | Killed Nergalle
  9667 | Lair:1   | Reached skill level 10 in Dodging
  9944 | Lair:1   | Noticed an oklob plant
  9964 | Lair:1   | Killed an oklob plant
 10907 | Lair:2   | Reached XP level 12. HP: 104/111 MP: 11/11
 11239 | Lair:2   | Noticed Gastronok
 11256 | Lair:2   | Killed Gastronok
 11731 | Lair:2   | Received a gift from Trog
 12056 | Lair:3   | Found the +12 pair of quick blades "Gyre" and "Gimble"
                  | {protect}
 12133 | Lair:3   | Found a staircase to the Shoals.
 12367 | Lair:3   | Found a hole to the Spider Nest.
 12785 | Lair:4   | Noticed Josephine
 12797 | Lair:4   | Killed Josephine
 13052 | Lair:4   | Noticed Snorg
 13064 | Lair:4   | Killed Snorg
 13288 | Lair:4   | Reached XP level 13. HP: 122/122 MP: 12/12
 13405 | Lair:4   | Found a staircase to the Slime Pits.
 13406 | Lair:4   | Found a viscous altar of Jiyva.
 14109 | Lair:5   | Entered Level 5 of the Lair of Beasts
 14109 | Lair:5   | Noticed Rupert
 14121 | Lair:5   | Killed Rupert
 14694 | Lair:5   | Reached skill level 10 in Shields
 16303 | Lair:5   | Reached XP level 14. HP: 118/132 MP: 13/13
 16652 | Lair:5   | Found a corrupted altar of Lugonu.
 16652 | Lair:5   | Found a one-way gate to the infinite horrors of the Abyss.
 16659 | Lair:5   | Identified the +1 scale mail "Potias" {rPois Str+3 Stlth+}
 17338 | D:10     | Found a blossoming altar of Fedhas.
 17478 | D:10     | Found a staircase to the Orcish Mines.
 17952 | D:11     | Noticed Amaemon
 17956 | D:11     | Killed Amaemon
 18116 | D:11     | Found Ajiofe's Book Shop.
 18120 | D:11     | Noticed Fannar
 18136 | D:11     | Killed Fannar
 18303 | D:12     | Found a transporter.
 18523 | D:12     | Noticed Walaum's ghost (journeyman HOWn)
 18533 | D:12     | Noticed Maurice
 18538 | D:12     | Killed Maurice
 18552 | D:12     | Identified the +0 pair of gloves "Myurowk" {rElec Will+
                  | Str+3 Int+4}
 18594 | D:12     | Found Deockora's Distillery.
 18689 | D:12     | Found Pofep's Magic Scroll Boutique.
 18752 | D:12     | Received a gift from Trog
 18919 | D:12     | Found Anlolo's Assorted Antiques.
 18980 | D:12     | Found a transporter.
 19396 | D:13     | Found a runed translucent door.
 19396 | D:13     | Found a shimmering altar of Xom.
 19396 | D:13     | Noticed Leinaam's ghost (journeyman MiBe)
 19785 | D:13     | Reached skill level 15 in Axes
 19795 | D:13     | Reached skill level 15 in Fighting
 20122 | D:13     | Found a gate to the Vaults.
 20323 | D:13     | Found a runed translucent door.
 20323 | D:13     | Found a shimmering altar of Xom.
 21698 | D:12     | Killed Walaum's ghost
 21718 | D:12     | Reached skill level 15 in Armour
 21804 | D:13     | Identified the +1 leather armour of the Meadowlark {Rampage
                  | rElec Dex+2 SInv}
 21878 | D:13     | Identified the +1 glaive "Ciofueg" {speed, rElec MP+9 Int-4
                  | Dex+5}
 21882 | D:13     | Killed Leinaam's ghost
 21994 | Orc:1    | Entered Level 1 of the Orcish Mines
 22325 | Orc:1    | Reached XP level 15. HP: 132/141 MP: 4/14
 22624 | Orc:2    | Entered Level 2 of the Orcish Mines
 22699 | Orc:2    | Found a gate leading to a gauntlet.
 22708 | Gauntlet | Entered a Gauntlet
 22708 | Gauntlet | Found a transporter.
 22719 | Gauntlet | Found a transporter.
 22721 | Gauntlet | Found a transporter.
 22735 | Gauntlet | Found a transporter.
 22743 | Gauntlet | Found a transporter.
 22764 | Gauntlet | Found a transporter.
 22775 | Gauntlet | Found a transporter.
 22785 | Gauntlet | Found a transporter.
 22807 | Gauntlet | Found a transporter.
 22819 | Gauntlet | Found a transporter.
 22868 | Gauntlet | Found a transporter.
 22883 | Gauntlet | Found a transporter.
 22891 | Gauntlet | Found the ring of Shadows {Umbra +Inv Stlth+}
 22896 | Gauntlet | Found a transporter.
 22924 | Gauntlet | Found a transporter.
 23075 | Gauntlet | Identified the +0 pearl dragon scales of the Albatross
                  | {-Cast *Corrode rElec rN+ Will+++}
 23078 | Gauntlet | Identified the ring of Gokhocki {rPois rF+ Slay+3 Stlth+}
 23226 | Gauntlet | Found the +0 mask of the Dragon {Will+ Slay+3 SInv}
 23425 | Orc:2    | Found a staircase to the Elven Halls.
 23794 | Orc:2    | Found Ynuschyepn's Distillery.
 23794 | Orc:2    | Found Hanuv's General Store.
 24125 | Orc:2    | Found Hegesup's Armour Shoppe.
 24125 | Orc:2    | Found Ciroolo's Antique Armour Shop.
 24264 | Orc:2    | Found a runed translucent door.
 24282 | Orc:2    | Noticed NimIero's ghost (journeyman MiMo)
 24364 | Orc:2    | Killed NimIero's ghost
 24722 | D:14     | Noticed Agnes
 24735 | D:14     | Killed Agnes
 24899 | D:14     | Found a sparkling altar of Nemelex Xobeh.
 25386 | D:15     | Entered Level 15 of the Dungeon
 25388 | D:15     | Found an iron altar of Okawaru.
 25917 | D:15     | Reached XP level 16. HP: 151/151 MP: 15/15
 26385 | D:15     | Found a staircase to the Depths.
 26600 | Spider:1 | Entered Level 1 of the Spider Nest
 26694 | Spider:1 | Reached skill level 15 in Dodging
 27158 | Spider:1 | Noticed Kirke
 27170 | Spider:1 | Killed Kirke
 27786 | Spider:1 | Reached XP level 17. HP: 149/160 MP: 16/16
 27892 | Spider:1 | Received a gift from Trog
 30092 | Spider:3 | Reached skill level 15 in Shields
 30650 | Spider:4 | Entered Level 4 of the Spider Nest
 30819 | Spider:4 | HP: 8/162 [disintegration (43)]
 31384 | Spider:4 | Noticed Mlioglotl
 31393 | Spider:4 | Killed Mlioglotl
 32257 | Spider:4 | Reached XP level 18. HP: 171/171 MP: 1/17
 32361 | Spider:4 | Got a gossamer rune of Zot
 32619 | Shoals:1 | Entered Level 1 of the Shoals
 33625 | Shoals:1 | Noticed Nikola
 33747 | Shoals:1 | Killed Nikola
 34837 | Shoals:2 | Received a gift from Trog
 35259 | Shoals:2 | Found Funt's Weapon Shop.
 35795 | Shoals:2 | Found Funt's Weapon Shop.
 36187 | Shoals:3 | Found a transporter.
 36187 | Shoals:3 | Found a transporter.
 36213 | Shoals:3 | Found Kempukko's General Store.
 37084 | Shoals:3 | Received a gift from Trog
 37421 | Shoals:4 | Entered Level 4 of the Shoals
 37621 | Shoals:4 | Noticed Polyphemus
 37639 | Shoals:4 | Killed Polyphemus
 38014 | Shoals:4 | Found Tuun's Vocational Training.
 38031 | Shoals:4 | Bought a manual of Evocations for 1440 gold pieces
 38058 | Shoals:4 | Noticed Donald
 38066 | Shoals:4 | Killed Donald
 38190 | Shoals:4 | Reached XP level 19. HP: 181/181 MP: 18/18
 38618 | Shoals:4 | Received a gift from Trog
 38676 | Shoals:4 | Got a barnacled rune of Zot
 39040 | Shoals:4 | Found Ituelics's Antique Weapon Shoppe.
 39919 | Shoals:4 | Found Tuun's Vocational Training.
 40344 | Shoals:4 | Found Ituelics's Antique Weapon Shoppe.
 40608 | Elf:1    | Entered Level 1 of the Elven Halls
 40654 | Elf:1    | Received a gift from Trog
 40684 | Elf:1    | Found a crumbling gateway.
 40709 | Desolati | Entered the Desolation of Salt
 40875 | Desolati | Identified the amulet of Woapoghunaq {Harm rElec rPois
                  | Regen+ Stlth-}
 40952 | Desolati | Identified the +0 scale mail of Niuxuol {rF+}
 41036 | Desolati | Identified the ring of Gahi {Fly Str+3 Dex-3}
 41291 | Desolati | Found the +4 skin of Zhor {*Englaciate rC+++ SInv}
 41335 | Desolati | Received a gift from Trog
 41337 | Desolati | Identified the +8 quarterstaff "Ytzarpha" {speed, Will+
                  | Int+6}
 41684 | Desolati | Identified the +2 short sword "Amnat" {spect, rF+ Stlth+}
 42420 | Elf:1    | Identified the +1 dagger "Yzxadd" {freeze, +Blink Str+2
                  | Stlth-}
 42600 | Elf:1    | Reached ****** piety under Trog
 43842 | Elf:2    | Found a huge runed translucent gate.
 43842 | Elf:2    | Found a huge runed translucent gate.
 43853 | Elf:2    | Found a huge runed translucent gate.
 43883 | Elf:2    | Received a gift from Trog
 44205 | Elf:2    | Reached XP level 20. HP: 168/193 MP: 19/19
 44260 | Elf:2    | Found Cumizaw's Armour Shoppe.
 44263 | Elf:2    | Bought the +15 Maxwell's patent armour {-Cast -Tele rElec
                  | Will+ rCorr} for 1808 gold pieces
 44263 | Elf:2    | Found the +15 Maxwell's patent armour {-Cast -Tele rElec
                  | Will+ rCorr}
 44385 | Elf:2    | Found a huge runed translucent gate.
 44385 | Elf:2    | Found a huge runed translucent gate.
 45167 | Elf:2    | Found Cumizaw's Armour Shoppe.
 45833 | Elf:3    | Entered Level 3 of the Elven Halls
 45899 | Elf:3    | Paralysed by an air elemental for 1 turns
 46252 | Elf:3    | Noticed Roxanne
 46261 | Elf:3    | Killed Roxanne
 46303 | Elf:3    | Received a gift from Trog
 46493 | Elf:3    | Identified the +0 ice dragon scales of Lirew {rPois rF-
                  | rC++ Int+3 Stlth+}
 46709 | Elf:3    | Identified the +4 great mace of Roega {drain, Contam
                  | Will+++ rCorr Int+3}
 46716 | Elf:3    | Identified the orb of Paranoia {*Rage, Fly rC- Dex+3}
 47805 | Elf:3    | Received a gift from Trog
 48317 | Elf:3    | Identified the +6 chain mail of the Sun {rPois Regen+}
 48528 | Elf:3    | Identified the +0 pair of gloves of Dithmenos's Esteem
                  | {Harm Regen+ rCorr Dex-2}
 48533 | Elf:3    | Identified the staff of cold "Xiux" {rElec rC+ Will+}
 48534 | Elf:3    | Identified the staff of earth "Vunax" {Stlth+}
 50463 | Vaults:1 | Entered Level 1 of the Vaults
 50660 | Vaults:1 | Noticed Saint Roka
 50676 | Vaults:1 | Killed Saint Roka
 50945 | Vaults:1 | Reached XP level 21. HP: 168/203 MP: 20/20
 51073 | Vaults:1 | Received a gift from Trog
 52205 | Vaults:1 | Identified a scroll of acquirement
 52205 | Vaults:1 | Acquired the -2 hat of the Alchemist {rElec rPois rF+ rC+
                  | rN+ Will+ rMut rCorr}
 52205 | Vaults:1 | Found the -2 hat of the Alchemist {rElec rPois rF+ rC+ rN+
                  | Will+ rMut rCorr}
 52360 | Vaults:2 | Received a gift from Trog
 52371 | Vaults:2 | Found a flickering gateway to a bazaar.
 52383 | Bazaar   | Entered a bazaar
 52408 | Bazaar   | Found Wofios's Book Emporium.
 52432 | Bazaar   | Found Humycw's Antique Armour Boutique.
 52484 | Bazaar   | Found Ithryecs's Antique Armour Emporium.
 52495 | Bazaar   | Found Duasho Hoos's Assorted Antiques.
 52522 | Bazaar   | Bought a manual of Throwing for 880 gold pieces
 52642 | Vaults:2 | Noticed Aizul
 52650 | Vaults:2 | Killed Aizul
 52831 | Vaults:2 | Noticed Frederick
 52839 | Vaults:2 | Killed Frederick
 53286 | Vaults:2 | Received a gift from Trog
 53382 | Vaults:2 | Reached XP level 22. HP: 206/215 MP: 21/21
 54091 | Vaults:3 | You are sucked into a shaft and drop 1 floor!
 54099 | Vaults:4 | Found Ryosits's Magic Scroll Shoppe.
 54152 | Vaults:4 | Received a gift from Trog
 54183 | Vaults:4 | Found a magical portal.
 54194 | WizLab   | Entered Zonguldrok's Shrine
 54543 | WizLab   | Noticed an antique lich
 54551 | WizLab   | Killed an antique lich
 54632 | WizLab   | Found the +9 sword of Zonguldrok {reap}
 54925 | Vaults:3 | Received a gift from Trog
 55307 | Vaults:3 | Found a staircase to the Crypt.
 56061 | Vaults:4 | Received a gift from Trog
 56303 | Vaults:4 | Identified the +3 arbalest "Orphast" {heavy, Will+ Dex+3
                  | Stlth+}
 56404 | Vaults:4 | Found the +4 consecrated labrys {holy, Valiant Fragile Fly
                  | SInv}
 56800 | Vaults:5 | Entered Level 5 of the Vaults
 56823 | Vaults:5 | Noticed a golden dragon
 56826 | Vaults:5 | Reached XP level 23. HP: 224/224 MP: 22/22
 57026 | Vaults:5 | Received a gift from Trog
 57223 | Vaults:5 | Identified the amulet "Tigryb" {RegenMP Dex+7}
 57580 | Vaults:4 | Found Ryosits's Magic Scroll Shoppe.
 58147 | Vaults:5 | Noticed Bai Suzhen
 58160 | Vaults:5 | Killed Bai Suzhen
 58160 | Vaults:5 | Received a gift from Trog
 58167 | Vaults:5 | Noticed an ancient lich
 58583 | Vaults:5 | Killed an ancient lich
 58591 | Vaults:5 | Identified the amulet "Wamp" {Acrobat Int+3 Stlth+}
 58945 | Vaults:5 | Identified the +2 arbalest "Relirr" {elec, Will+ Str+6
                  | Int+2}
 59015 | Vaults:5 | Noticed an ancient lich
 59023 | Vaults:5 | Killed an ancient lich
 59208 | Vaults:5 | Identified the +9 quarterstaff of Ecvoses {antimagic,
                  | Will+}
 59216 | Vaults:5 | Identified the amulet of the Hurtling Saviour {Acrobat
                  | Int+3}
 59333 | Vaults:5 | Got a silver rune of Zot
 59404 | Vaults:5 | Received a gift from Trog
 59698 | Vaults:5 | Identified the +2 sling "Vimat" {speed, rElec rC+ Will+
                  | rCorr}
 59755 | Vaults:5 | Identified the staff of cold "Dauj" {rElec rC+}
 59776 | Vaults:5 | Identified the +1 hand axe "Aceakhag" {holy, Int+2}
 61262 | Crypt:1  | Entered Level 1 of the Crypt
 62288 | Crypt:2  | Noticed Margery
 62416 | Crypt:2  | Identified the +3 short sword of Vonoblor {elec, rN+ Will+
                  | Str+4 Dex+2}
 62661 | Crypt:2  | Received a gift from Trog
 62729 | Crypt:2  | Reached XP level 24. HP: 206/231 MP: 22/22
 63096 | Crypt:2  | Killed Margery
 63181 | Crypt:2  | Acquired the +1 pair of boots of the Jabberwock {rElec
                  | Str+2 Int+4 Stlth+}
 63300 | Crypt:1  | Found an ancient bone altar of Kikubaaqudgha.
 63442 | Crypt:2  | Noticed Jory
 63456 | Crypt:2  | Killed Jory
 63677 | Crypt:3  | Entered Level 3 of the Crypt
 64009 | Crypt:3  | Found the +9 staff of Olgreb {rPois∞}
 64009 | Crypt:3  | Noticed a royal mummy
 64042 | Crypt:3  | Killed a royal mummy
 64057 | Crypt:3  | Identified the +6 scimitar "Huaf" {venom, rElec rPois Int+5
                  | Dex-4}
 64060 | Crypt:3  | Identified the +2 plate armour of Baldness {-Cast rPois
                  | Regen+}
 64350 | Crypt:3  | Noticed a royal mummy
 64367 | Crypt:3  | Killed a royal mummy
 64376 | Crypt:3  | Identified the +0 chain mail "Fiqef" {rF- Will+++ rCorr
                  | Int-3}
 64590 | Crypt:3  | Noticed Zenata
 64610 | Crypt:3  | Killed Zenata
 65108 | Crypt:3  | Found a staircase to the Tomb.
 67376 | Crypt:3  | Acquired the ring of Xom's Whimsicality {+Blink rElec Str+3
                  | Slay+4 Stlth-}
 67403 | Crypt:3  | Noticed a royal mummy
 67423 | Crypt:3  | Killed a royal mummy
 67520 | Crypt:3  | Received a gift from Trog
 68115 | Crypt:3  | Identified the +1 robe of Asusoskinwu {Str+4 Dex+3}
 68565 | Crypt:3  | Found a staircase to the Tomb.
 69311 | Depths:1 | Entered Level 1 of the Depths
 69316 | Depths:1 | Identified the +1 lajatang of Capital Punishment {heavy,
                  | rC+}
 69565 | Depths:1 | Found a portal to a secret trove of treasure.
 69783 | D:12     | Bought a scroll of blinking for 112 gold pieces
 70750 | Depths:1 | Found a gateway to Hell.
 71385 | Depths:1 | Found a one-way gate leading to the halls of Pandemonium.
 71969 | Depths:2 | Identified the +1 lajatang of the Jester {venom, rElec rN+
                  | Will-}
 72330 | Depths:2 | Reached XP level 25. HP: 223/247 MP: 22/22
 72563 | Depths:2 | Identified the staff of fire "Berrunn" {Fly rF+ rN++ Dex-4
                  | SInv}
 72565 | Depths:2 | Identified the +0 chain mail of Dogma {+Inv rC+ Str+4
                  | Int-4}
 72597 | Depths:2 | Identified the +7 morningstar "Zygil" {freeze, rF++ Will+}
 72751 | Depths:2 | Identified the +1 plate armour "Josysh" {Regen+}
 73351 | Depths:3 | Found a one-way gateway to a ziggurat.
 73359 | Depths:3 | Found a blossoming altar of Fedhas.
 73440 | Depths:3 | Found a runed translucent door.
 73443 | Depths:3 | Noticed WeeknightWizard's ghost (veteran DEFE)
 74198 | Depths:3 | Killed WeeknightWizard's ghost
 74198 | Depths:3 | Received a gift from Trog
 74219 | Depths:4 | Entered Level 4 of the Depths
 74484 | Depths:4 | Identified the +5 chain mail of Theory {Rampage Str+5
                  | Stlth-}
 75191 | Depths:4 | Found a gate to the Realm of Zot.
 75610 | Depths:2 | Found a burning altar of Makhleb.
 75717 | Depths:1 | You paid a toll of 6 scrolls of blinking to enter a
                  | treasure trove
 75718 | Trove    | Entered a treasure trove
 75736 | Trove    | Identified the +3 broad axe "Woackubb" {vamp, Str+3 Dex+2}
 75737 | Trove    | Identified the +6 great sword "Arocs" {venom, rC- Will++
                  | Dex+5}
 75812 | Depths:2 | Paralysed by a floating eye for 4 turns
 75865 | Hell     | Entered the Vestibule of Hell
 75865 | Hell     | Noticed Geryon
 76134 | Hell     | Killed Geryon
 76218 | Hell     | Received a gift from Trog
 76827 | Hell     | Found a gateway to the decaying netherworld of Tartarus.
 76955 | Hell     | Found a gateway to the ashen valley of Gehenna.
 77105 | Hell     | Found a gateway to the Iron City of Dis.
 77172 | Hell     | Found a gateway to the freezing wastes of Cocytus.
 77635 | Tomb:1   | Entered Level 1 of the Tomb of the Ancients
 78233 | Tomb:1   | Received a gift from Trog
 79448 | Tomb:1   | Noticed a royal mummy
 79454 | Tomb:1   | Reached XP level 26. HP: 242/242 MP: 22/22
 79461 | Tomb:1   | Killed a royal mummy
 81740 | Dis:1    | Entered Level 1 of the Iron City of Dis
 82418 | Geh:1    | Entered Level 1 of Gehenna
 83142 | Geh:3    | Received a gift from Trog
 83998 | Tar:1    | Entered Level 1 of Tartarus
 84649 | Geh:5    | You are sucked into a shaft and drop 1 floor!
 85374 | Geh:7    | Entered Level 7 of Gehenna
 85374 | Geh:7    | Lost dexterity.
 87935 | Geh:7    | Found the +13 sceptre of Asmodeus
 87935 | Geh:7    | Noticed Asmodeus
 87967 | Geh:7    | Killed Asmodeus
 88013 | Geh:7    | Identified the ring "Yweexyew" {rC- rN+ rCorr Int+4 Stlth+}
 88023 | Geh:7    | Got an obsidian rune of Zot
 88047 | Geh:7    | Identified the staff of earth "Ocat" {rElec rF+++ Will-
                  | Dex-2}
 88100 | Geh:7    | Identified the staff of earth "Mulanadd" {rElec rPois}
 88296 | Zot:1    | Entered Level 1 of the Realm of Zot
 88305 | Zot:1    | Noticed Parghit
 88320 | Zot:1    | Reached XP level 27. HP: 155/257 MP: 22/22
 88389 | Depths:4 | Killed Parghit
 88860 | Zot:1    | Reached skill level 27 in Shields
 89068 | Zot:1    | You are sucked into a shaft and drop 1 floor!
 89218 | Zot:2    | Identified the +8 falchion of Exhibitionism {speed, *Rage
                  | rC+ rCorr Dex+6}
 89330 | Zot:2    | Reached skill level 27 in Axes
 89667 | Zot:2    | Reached skill level 27 in Fighting
 89808 | Zot:2    | Noticed an orb of fire
 89827 | Zot:2    | Killed an orb of fire
 89828 | Zot:2    | Reached skill level 27 in Armour
 90245 | Zot:1    | Noticed an orb of fire
 90245 | Zot:1    | Noticed an orb of fire
 90246 | Zot:1    | Noticed an orb of fire
 90246 | Zot:1    | Noticed an orb of fire
 90256 | Zot:1    | Gained mutation: You are frail. (-10% HP) [an orb of fire]
 90257 | Zot:1    | Gained mutation: Your magical capacity is low. (-10% MP)
                  | [an orb of fire]
 90258 | Zot:1    | Killed an orb of fire
 90261 | Zot:1    | Killed an orb of fire
 90263 | Zot:1    | Killed an orb of fire
 90264 | Zot:1    | Killed an orb of fire
 92630 | Zot:3    | Noticed Vv
 92643 | Zot:3    | Killed Vv
 93106 | Zot:3    | Reached skill level 27 in Dodging
 93110 | Zot:3    | Reached skill level 1 in Evocations
 93633 | Zot:4    | Reached skill level 5 in Evocations
 94422 | Zot:5    | Entered Level 5 of the Realm of Zot
 94426 | Zot:5    | Reached skill level 10 in Evocations
 94952 | Zot:5    | Noticed an ancient lich
 94965 | Zot:5    | Killed an ancient lich
 95233 | Zot:5    | Noticed an orb of fire
 95234 | Zot:5    | Noticed an orb of fire
 95487 | Zot:5    | Noticed an orb of fire
 95505 | Zot:5    | Killed an orb of fire
 95510 | Zot:5    | Noticed an orb of fire
 95519 | Zot:5    | Gained mutation: You occasionally lose the ability to read
                  | scrolls when taking damage. [an orb of fire]
 95521 | Zot:5    | Noticed an ancient lich
 95524 | Zot:5    | HP: 12/245 [orb of fire/fireball (15)]
 95525 | Zot:5    | Killed from afar by an orb of fire

Illustrated notes

Levels and vault maps discovered:
D:1:      dpeg_arrival_fog, layout_basic, serial_shops, nicolae_lakefront_shop,
          minmay_misc_feat_five
D:2:      minmay_evil_eye, layout_basic, wad_floor_pattern_2,
          chequers_decorated_corner, minmay_tripent
D:3:      layout_loops_cross, ebering_ecumenical_altar_ruins, serial_aquarium,
          aquarium_bridge_square [aquarium_subvault_wall,
          aquarium_subvault_wall, aquarium_subvault_bridge,
          aquarium_subvault_bridge], aquarium_window_corner, aquarium_window_3,
          aquarium_window_1, aquarium_view_2d, aquarium_view_2c,
          aquarium_balcony_3a, aquarium_pool_side
D:4:      layout_loops_cross, uniq_robin
D:5:      lemuel_castle_with_subvaults [lemuel_castle_interior_original],
          layout_basic, grunt_tough_drop, uniq_blork_the_orc
D:6:      layout_gridville, amcnicky_altar_gilded,
          mainiacjoe_overflow_boulevard, minmay_temple_entry_hall,
          hangedman_glass_teeth, glass_columns_c, water_boxes_lemuel
D:7:      layout_rooms, mainiacjoe_overflow_big_doors, uniq_menkaure
D:8:      layout_basic, kennysheep_orc_sif_temple, lemuel_round_altar
D:9:      layout_rooms, mainiacjoe_overflow_alcove_4,
          grunt_temple_overflow_cloverleaf, david_lair_generic, serial_ice,
          serial_ice_l, serial_ice_g, serial_ice_b, serial_ice_n, serial_ice_m,
          serial_ice_a, serial_ice_h, serial_ice_e
D:10:     layout_rooms, kennysheep_mini_moat
D:11:     layout_roguey, serial_shops, nicolae_shop_advertising_works
          [nicolae_subvault_shop_adworks], uniq_fannar, uniq_amaemon
D:12:     layout_small_grid, nzn_ghost_randoct, serial_shops,
          nicolae_shop_stone, nicolae_shop_behind_doors,
          nicolae_shop_just_a_little_nook, uniq_maurice
D:13:     statuecave_lemuel, layout_irregular_city,
          grunt_vaults_entry_fortified, ebering_ghost_xom, minmay_misc_feat_room
D:14:     layout_rooms, kennysheep_doodads, nemelex_diamond_rough_becter,
          uniq_agnes
D:15:     grunt_enter_depths_magical_seal, layout_cave_pools,
          serial_park_square1 [serial_park_minivault_5x5_2],
          okawaru_metal_pillars_1_2
Lair:1:   layout_regular_city, grunt_megastairs_4, uniq_nergalle
Lair:2:   layout_cave_pods, eino_house_with_fridge, infiniplex_staircase_pool,
          uniq_gastronok
Lair:3:   layout_hall_layers, shoals_dummy_entry,
          hellmonk_spider_entry_not_the_bees, pond
Lair:4:   layout_roguey, slime_entry_1, chequers_serial_rivers_room_a,
          nicolae_quartered_pool_little, chequers_serial_rivers_small_b,
          uniq_snorg, uniq_josephine
Lair:5:   hellmonk_lair_end_abyssal_woods, layout_regular_city,
          minmay_hedge_maze, uniq_rupert
Shoals:1: layout_shoals, st_sunken_huts, uniq_nikola
Shoals:2: layout_shoals, serial_shops, nicolae_stop_n_shop_2
Shoals:3: gammafunk_sealed_arena, layout_shoals, serial_shops, shop,
          argonaut_gorgonesque
Shoals:4: shoals_end_grunt_ice, layout_shoals, serial_shops, shop,
          nicolae_shop_vocational, uniq_polyphemus, uniq_donald
Spider:1: layout_spider_delve, uniq_kirke
Spider:2: layout_spider_delve, hangedman_spider_tarantella_strand
Spider:3: layout_spider_delve
Spider:4: spider_rune_water, uniq_mlioglotl
Orc:1:    layout_diamond_mine, nicolae_orc_pool_cavern, bh_open_orc_temple
Orc:2:    st_orc_town, layout_diamond_mine, gauntlet_entry_generic,
          ebering_ghost_reflecting_pool
Elf:1:    minmay_elf_arrival_circle, layout_geoelf_grid,
          portal_desolation_entry_garden, evilmike_minifort, drop_trap
Elf:2:    elven_hall_of_blades_hangedman_alternative
          [nicolae_blade_entry_pointy_end], layout_onion_city, serial_shops,
          nicolae_shop_tiny_real_fake_doors, nicolae_elevator_lobby_asterisk
Elf:3:    minmay_elf_hall_quartered_circle, layout_onion_city,
          grunt_ministairs_3, nicolae_elf_deep_mausoleum, uniq_roxanne
Vaults:1: grunt_vaults_twisty, nicolae_vaults_offset_grid_hallway_3,
          st_octagons_2, nicolae_vaults_surprise_closet,
          hangedman_vaults_cutoff, nicolae_vaults_meiosis,
          nicolae_vaults_diamond_1, v_pattern_2, nicolae_vaults_tetromino_L_1,
          ontoclasm_vaults_ring_large, hangedman_vaults_stitches,
          nicolae_vaults_shelves_hall, nicolae_vaults_storage_room_glass,
          ontoclasm_vaults_hangar, nicolae_vaults_double_plus_1,
          nicolae_vaults_house_1, layout_vaults_omnicross, uniq_saint_roka
Vaults:2: v_alt_pattern_5, v_misc_25, nicolae_vaults_network_periphery,
          v_pattern_1, nicolae_vaults_asterisk, nicolae_vaults_tetromino_L_2,
          hangedman_vaults_pinch, nicolae_vaults_little_squares_3,
          vaults_dpeg_diagonal, v_misc_5, nicolae_vaults_theta,
          layout_vaults_omnibox, serial_shops, bzr_firewalk, uniq_aizul,
          uniq_frederick
Vaults:3: ontoclasm_vaults_twist, hangedman_vaults_locks, vaults_dpeg_ring,
          nicolae_vaults_little_squares_4, minmay_crypt_entry_simple_walls,
          nicolae_vaults_mini_display_case, v_pattern_4,
          ontoclasm_vaults_ring_small, nicolae_vaults_tetromino_T_1,
          nicolae_vaults_apartment_1, layout_vaults_ring
Vaults:4: mu_enter_wizlab_5, nicolae_vaults_wrenched, v_misc_9,
          nicolae_vaults_little_squares_4, v_misc_25, dpeg_vaults_monster_box,
          nicolae_vaults_yaktaur_gun_rack, nicolae_vaults_sesquioval_fish,
          ontoclasm_vaults_gateway, vaults_room_fours, nicolae_vaults_asterisk,
          layout_vaults_chaotic_city, serial_shops, shop
Vaults:5: uniq_bai_suzhen
Crypt:1:  layout_chaotic_city, serial_sigils, serial_sigils_hangedman_quiver,
          serial_sigils_hangedman_shear, serial_sigils_hangedman_quiver,
          serial_sigils_hangedman_quiver, serial_sigils_hangedman_stare,
          lemuel_upstairs_altar
Crypt:2:  layout_chaotic_city, uniq_jory, uniq_margery
Crypt:3:  due_elkab, layout_chaotic_city, tomb_entry_shell_bobbens,
          st_burial_chamber, uniq_zenata
Tomb:1
Depths:1: layout_basic, pf_vacation_house_of_asmodeus,
          nicolae_trove_entry_crystal, grunt_pan_entry_in_and_out,
          skrybe_limestone_x, minmay_guarded_unrand_curses
Depths:2: hangedman_arch_fort, layout_cave_pools, lemuel_statue_altar,
          pan_entry, pf_hell_entry_tar_river
Depths:3: minmay_bubble_buster, layout_cave_pools, enter_ziggurat_e,
          rand_demon_pan_entry_3, fedhas_altar_3, hell_entry, abyss_entry,
          hellmonk_ghost_happy_afterlife, serial_bayou_shore_a
Depths:4: evilmike_zot_entry_argh, layout_gridlike, grunt_decor_mini_mirrors,
          hell_entry, grunt_pan_entry_zigzag
Hell
Dis:1:    layout_regular_city, not_door_vault_due
Geh:1:    layout_gehenna_lava_caves
Geh:2:    layout_gehenna_lava_caves
Geh:3:    layout_gehenna_pools_basic
Geh:4:    nicolae_geh_realm_of_the_lava_sea
Geh:5:    layout_gehenna_lava_caves, nicolae_geh_niches_of_the_damned
Geh:6:    layout_gehenna_pools_triple, nicolae_geh_isolated_escape
Geh:7:    geh_grunt_pentagon
Tar:1:    layout_catacombs, nicolae_tar_cuneiform_heaven
Zot:1:    layout_cellular_growth, hangedman_zot_gyre, lemuel_lake_of_fire,
          uniq_josephina, uniq_parghit
Zot:2:    kennysheep_blocky_room, layout_basic, guppyfry_library_mini
Zot:3:    layout_gridlike, grunt_megastairs_1, uniq_vv
Zot:4:    layout_misc_corridors
Zot:5:    layout_cellular_growth

Skill      XL: |  1  2  3  4  5  6  7  8  9 10 11 12 13 14 15 16 17 18 19 20 21 22 23 24 25 26 27 |
---------------+----------------------------------------------------------------------------------+-----
Fighting       | 4 5 6 7 9 10 11 13 14 15 16 17 18 19 20 21 22 23 24 25 26 27 | 27.0
Axes           | 4 5 6 8 9 10 11 13 14 15 16 17 19 20 21 22 23 24 25 26 27 | 27.0
Armour         | 3 4 5 6 7 8 10 11 12 13 15 16 17 18 19 20 21 22 23 24 25 26 27 | 27.0
Dodging        | 3 4 5 6 8 9 10 11 12 13 14 15 16 17 18 19 20 21 22 23 24 27 | 27.0
Shields        | 4 7 9 10 12 13 14 15 16 18 19 20 21 22 23 25 26 27 | 27.0
Evocations     | 13 | 13.2

Action                     |  1- 3 |  4- 6 |  7- 9 | 10-12 | 13-15 | 16-18 | 19-21 | 22-24 | 25-27 || total
---------------------------+-------+-------+-------+-------+-------+-------+-------+-------+-------++-------
  Melee: Hand axe          |    98 |   114 |    34 |       |       |       |       |       |       ||   246
         Headbutt          |    13 |    20 |    40 |   101 |   239 |   141 |   232 |   346 |   595 ||  1727
         Punch             |     1 |     2 |     3 |       |       |       |       |       |       ||     6
         War axe           |       |       |   217 |   431 |   445 |       |       |       |       ||  1093
         Broad axe         |       |       |       |       |   516 |   721 |  1004 |   541 |       ||  2782
         Labrys            |       |       |       |       |       |       |       |   744 |  1786 ||  2530
  Throw: Dart              |       |       |       |     3 |    11 |     2 |       |       |       ||    16
         Javelin           |       |       |       |       |       |       |     4 |     1 |    13 ||    18
         Throwing net      |       |       |       |       |       |       |       |       |     5 ||     5
 Invoke: Berserk           |       |     2 |     7 |    13 |    23 |    12 |     7 |    20 |    21 ||   105
         Trog's Hand       |       |       |     2 |     1 |     9 |     6 |    12 |    12 |    46 ||    88
         Brothers in Arms  |       |       |       |       |     7 |     4 |     4 |     7 |     4 ||    26
  Evoke: Wand              |       |       |       |       |       |       |       |     3 |       ||     3
    Use: Scroll            |       |       |       |       |    29 |     2 |    10 |     6 |     8 ||    55
         Potion            |       |       |       |       |     2 |       |       |       |    19 ||    21
   Stab: Distracted        |       |       |       |       |       |     1 |     1 |     1 |     2 ||     5
 Armour: Animal skin       |     2 |       |       |       |       |       |       |       |       ||     2
         Ring mail         |    37 |    34 |       |       |       |       |       |       |       ||    71
         Scale mail        |       |    10 |   125 |   143 |   120 |       |       |       |       ||   398
         Swamp dragon scal |       |       |       |    38 |    96 |       |       |       |       ||   134
         Pearl dragon scal |       |       |       |       |    30 |   335 |   111 |       |       ||   476
         Plate armour      |       |       |       |       |       |       |   270 |   536 |   723 ||  1529
  Dodge: Dodged            |    75 |    61 |   142 |   224 |   360 |   429 |   420 |   523 |   550 ||  2784
         Repelled          |       |       |       |       |     3 |     3 |    16 |    14 |    39 ||    75
  Block: Other             |       |       |    44 |       |       |       |       |       |       ||    44
         Reflection        |       |       |     5 |     1 |    41 |    63 |    95 |    55 |     8 ||   268
         Buckler           |       |       |     2 |   199 |   360 |       |       |       |       ||   561
         Kite shield       |       |       |       |       |    77 |   771 |   859 |  1123 |  1146 ||  3976
